 Dungeon Crawl Stone Soup version 0.29.1-2-gbd0b4ee654 (webtiles) character file.

Game seed: 12819643364892138479

147 qeuew the Chopper (level 5, -1/38 HPs)
             Began as a Demonspawn Fighter on Nov 7, 2022.
             Slain by a ball python (3 damage)
             ... on level 4 of the Dungeon.
             The game lasted 00:03:09 (2783 turns).

qeuew the Chopper (Demonspawn Fighter)              Turns: 2783, Time: 00:03:10

Health: -1/38      AC:  7    Str: 22    XL:     5   Next: 8%
Magic:  4/4        EV:  9    Int:  9    God:
Gold:   129        SH:  4    Dex: 11    Spells: 4/4 levels left

rFire   . . .      SeeInvis .   a - +1 war axe
rCold   . . .      Faith    .   c - +0 buckler
rNeg    . . .      Spirit   .   b - +0 scale mail
rPois   .          Reflect  .   (no helmet)
rElec   .          Harm     .   (no cloak)
rCorr   +          Rampage  .   (no gloves)
Will    .....                   (no boots)
Stlth   ..........              (no amulet)
HPRegen 0.12/turn               k - ring of resist corrosion
MPRegen 0.09/turn               (no ring)

@: no status effects
A: claws 1, rugged brown scales 1, frail 1, low MP 1, strong 1
a: no special abilities


You were on level 4 of the Dungeon.
You visited 1 branch of the dungeon, and saw 4 of its levels.

You collected 129 gold pieces.

Inventory:

Hand Weapons
 a - a +1 war axe (weapon)
Armour
 b - a +0 scale mail (worn)
 c - a +0 buckler (worn)
Jewellery
 k - a ring of resist corrosion (left claw)
Scrolls
 f - a scroll of fear
 i - 2 scrolls of amnesia
 j - a scroll of identify
Potions
 d - 2 potions of might
 e - a potion of magic
 g - a potion of heal wounds
 m - a potion of brilliance


   Skills:
 + Level 3.5 Fighting
 * Level 3.7 Axes
 + Level 3.1 Armour
 * Level 1.1 Dodging
 + Level 0.1 Stealth
 + Level 3.0 Shields


You had 4 spell levels left.
You didn't know any spells.
Your spell library contained the following spells:

 Spells                   Type           Power      Damage    Failure   Level
 Ensorcelled Hibernation  Hex/Ice        0%         N/A       91%         2
 Passwall                 Tmut/Erth      0%         N/A       91%         2
 Frozen Ramparts          Ice            0%         1d1       99%         3
 Swiftness                Air            0%         N/A       99%         3
 Ice Form                 Ice/Tmut       0%         N/A       100%        4
 Summon Ice Beast         Ice/Summ       0%         N/A       100%        4


Dungeon Overview and Level Annotations

Branches:
Dungeon (4/15)
 Temple: D:4-7

Altars:
Ru


Innate Abilities, Weirdness & Mutations

You have sharp fingernails.
You are partially covered in rugged brown scales. (AC +1, +3% HP)
You are frail. (-10% HP)
Your magical capacity is low. (-10% MP)
Your muscles are strong. (Str +4, Int/Dex -1)


Message History

Found a potion of brilliance.
The gnoll shouts! x2
A gnoll comes into view. It is wielding a +0 spear.
The gnoll closely misses you.
The gnoll moves out of view.
You hit the gnoll.
The gnoll is lightly wounded.
A ball python comes into view.
A phantom comes into view.
The gnoll completely misses you.
You slash the gnoll!
The gnoll is almost dead.
The gnoll hits you with a +0 spear.
You closely miss the gnoll.
The gnoll is almost dead.
The gnoll hits you with a +0 spear.
The gnoll hits you from afar with a +0 spear.
You are too injured to fight recklessly!
You are too injured to fight recklessly!
You are too injured to fight recklessly!
You are too injured to fight recklessly!
You are too injured to fight recklessly!
You closely miss the gnoll.
The gnoll is almost dead.
The gnoll hits you with a +0 spear. You block the gnoll's attack.
The gnoll hits you with a +0 spear.
* * * LOW HITPOINT WARNING * * *
The gnoll hits you from afar with a +0 spear.
* * * LOW HITPOINT WARNING * * *
You hit the gnoll but do no damage.
The gnoll is almost dead.
You closely miss the ball python.
The ball python bites you but does no damage.
The ball python grabs you. The ball python constricts you.
The gnoll barely misses you. The gnoll hits you with a +0 spear.
* * * LOW HITPOINT WARNING * * *
The gnoll hits you from afar with a +0 spear.
* * * LOW HITPOINT WARNING * * *
You escape the ball python's grasp.
The ball python attacks as you move away!
The ball python bites you.
You die...

..........##......#
#..##>>..#........
. #...(#...#.......
..................
..! #...#....# ....
#..†...<.#
.....##.......#
#...........#
#.#.@........# ..
#Sg.....#..# $)
.gg.###..##.+
.?.W..# ##....#
....).!.. .....#
......... ...
.........
..........


You could see a phantom, 3 gnolls and a ball python.

Vanquished Creatures
  Jessica (D:3)
  An iguana (D:4)
  3 adders
  A worm (D:2)
  5 dart slugs
  8 bats
  2 endoplasms (D:1)
  5 giant cockroaches
  5 goblins
  4 hobgoblins
  A quokka (D:2)
  10 ball pythons
  6 frilled lizards
  2 kobolds
  4 rats
58 creatures vanquished.

Notes
Turn   | Place    | Note
-------+----------+-------------------------------------------
     0 | D:1      | qeuew the Demonspawn Fighter began the quest for the Orb.
     0 | D:1      | Reached XP level 1. HP: 18/18 MP: 1/1
   117 | D:1      | Gained mutation: You are partially covered in rugged brown
                  | scales. (AC +1, +3% HP) [demonic ancestry]
   117 | D:1      | Reached XP level 2. HP: 16/24 MP: 2/2
   580 | D:1      | Found a faded altar of an unknown god.
   937 | D:2      | Gained mutation: You have sharp fingernails. [demonic
                  | ancestry]
   937 | D:2      | Reached XP level 3. HP: 28/29 MP: 3/3
  1419 | D:2      | Reached XP level 4. HP: 36/36 MP: 4/4
  1551 | D:2      | Found a sacrificial altar of Ru.
  1783 | D:2      | Gained mutation: Your magical capacity is low. (-10% MP)
                  | [potion of mutation]
  1783 | D:2      | Gained mutation: You are frail. (-10% HP) [potion of
                  | mutation]
  1783 | D:2      | Gained mutation: Your muscles are strong. (Str +4, Int/Dex
                  | -1) [potion of mutation]
  2115 | D:3      | Reached skill level 1 in Dodging
  2531 | D:3      | Noticed Jessica
  2539 | D:3      | Killed Jessica
  2710 | D:4      | Reached XP level 5. HP: 16/38 MP: 4/4
  2778 | D:4      | Noticed a phantom
  2783 | D:4      | Slain by a ball python

Illustrated notes

Levels and vault maps discovered:
D:1:      dpeg_arrival_arbitrary_a, layout_basic,
          dilly_ecumenical_altar_fadedgnrine
D:2:      layout_basic, basic_altar, minmay_ruptured
D:3:      layout_rooms, minmay_shallow_snake_nest, uniq_jessica
D:4:      layout_cave_pools, mainiacjoe_overflow_24_doors,
          mainiacjoe_overflow_surrounded_room

Skill      XL: |  1  2  3  4 |
---------------+-------------+-----
Axes           | 2 3 |  3.7
Armour         | 3 |  3.1
Dodging        | 1 |  1.1
Shields        | 3 |  3.0
Fighting       | |  3.5
Stealth        | |  0.1

Action                   |  1- 3 |  4- 6 || total
-------------------------+-------+-------++-------
Melee: War axe           |   101 |    54 ||   155
  Use: Scroll            |     5 |     6 ||    11
       Potion            |     1 |     5 ||     6
Armor: Scale mail        |    59 |    20 ||    79
Dodge: Dodged            |    45 |    25 ||    70
Block: Buckler           |    20 |    10 ||    30
